[ AOE2 MATCH · #506384954 ]
UnrankedKhmer vs Malay
Player's team · LOSS
Rival team · WIN
[ REPLAY ANALYSIS · EXTRACTED FROM THE RECORDED GAME ]
Feudal
—
Castle
—
Imperial
—
| APM avg | 42.4 |
| APM peak | 87 |
| eAPM avg | 21.0 |
| Villagers / military | 108 / 37 |
Focus
⚔️ 19.5% · 🌾 80.5%
Scorpion ×16 · Knight ×6 · Battle Elephant ×5 · Archer ×3 · Mangonel ×3 · Monk ×2
Feudal
—
Castle
—
Imperial
—
| APM avg | 28.1 |
| APM peak | 69 |
| eAPM avg | 13.7 |
| Villagers / military | 103 / 169 |
Focus
⚔️ 24.0% · 🌾 76.0%
Karambit Warrior ×116 · Spearman ×40 · Trebuchet (Packed) ×7 · Mangonel ×3 · Battering Ram ×2 · Petard ×1
Match map
Initial resources + every placement click. Lines = walls · curves = elevation contours. ◆ gold · ⬟ stone · ● berries · ✦ relic · ◌ wall gap
Your base· ✓ Closed at 11:50 · 9t walls · 4 gate(s)
weinerthenry's base· ✓ Closed at 13:17 · 0t walls · 2 gate(s)
Smoothed initial terrain · ◌ = detected wall gap · hover for details
Inputs per minute
— ManyKitten76428 - - weinerthenry
Build order — ManyKitten76428
First 150 of 271 actions detected
| 0:01 | Queue | Villager (Male) |
| 0:01 | Queue | Villager (Male) |
| 0:02 | Queue | Villager (Male) |
| 0:02 | Queue | Villager (Male) |
| 0:02 | Queue | Villager (Male) |
| 0:02 | Queue | Villager (Male) |
| 0:02 | Queue | Villager (Male) |
| 0:02 | Queue | Villager (Male) |
| 0:02 | Queue | Villager (Male) |
| 0:02 | Queue | Villager (Male) |
| 0:04 | Build | House |
| 0:06 | Build | House |
| 1:15 | Queue | Villager (Male) |
| 1:16 | Queue | Villager (Male) |
| 1:56 | Queue | Villager (Male) |
| 1:56 | Queue | Villager (Male) |
| 2:10 | Build | Lumber Camp |
| 2:17 | Queue | Villager (Male) |
| 2:17 | Queue | Villager (Male) |
| 2:31 | Queue | Villager (Male) |
| 2:32 | Queue | Villager (Male) |
| 2:55 | Queue | Villager (Male) |
| 2:56 | Queue | Villager (Male) |
| 2:56 | Queue | Villager (Male) |
| 3:27 | Queue | Villager (Male) |
| 3:27 | Queue | Villager (Male) |
| 3:27 | Queue | Villager (Male) |
| 3:43 | Queue | Villager (Male) |
| 3:43 | Queue | Villager (Male) |
| 3:50 | Build | House |
| 3:52 | Build | House |
| 4:06 | Queue | Villager (Male) |
| 4:07 | Queue | Villager (Male) |
| 4:30 | Build | Mill |
| 4:34 | Queue | Villager (Male) |
| 4:34 | Queue | Villager (Male) |
| 4:34 | Queue | Villager (Male) |
| 4:35 | Queue | Villager (Male) |
| 5:02 | Build | Palisade Gate |
| 5:06 | Build | Palisade Wall |
| 5:07 | Build | Palisade Wall |
| 5:08 | Build | Palisade Wall |
| 5:09 | Build | Palisade Wall |
| 5:11 | Build | House |
| 5:37 | Build | Farm |
| 5:42 | Build | Palisade Wall |
| 5:42 | Build | Palisade Wall |
| 5:43 | Build | Palisade Wall |
| 5:44 | Build | Palisade Wall |
| 5:45 | Build | Palisade Wall |
| 6:09 | Queue | Villager (Male) |
| 6:09 | Queue | Villager (Male) |
| 6:09 | Queue | Villager (Male) |
| 7:03 | Queue | Villager (Male) |
| 7:36 | Build | Mining Camp |
| 7:52 | Queue | Villager (Male) |
| 7:52 | Queue | Villager (Male) |
| 8:00 | Queue | Villager (Male) |
| 8:55 | Queue | Villager (Male) |
| 9:15 | Build | Mill |
| 9:26 | Research | Feudal Age |
| 10:07 | Build | Farm |
| 10:26 | Build | Farm |
| 10:51 | Build | Farm |
| 11:50 | Research | Castle Age |
| 12:25 | Build | Archery Range |
| 12:42 | Build | Stable |
| 12:53 | Build | Blacksmith |
| 13:16 | Research | Loom |
| 13:16 | Queue | Villager (Male) |
| 13:17 | Queue | Villager (Male) |
| 13:21 | Research | Double-Bit Axe |
| 13:27 | Research | Horse Collar |
| 13:40 | Queue | Archer |
| 13:40 | Queue | Archer |
| 13:41 | Queue | Archer |
| 13:48 | Queue | Scout Cavalry |
| 14:51 | Build | Siege Workshop |
| 14:57 | Queue | Villager (Male) |
| 15:01 | Build | House |
| 15:01 | Build | House |
| 15:17 | Queue | Villager (Male) |
| 15:24 | Research | Fletching |
| 15:49 | Queue | Battering Ram |
| 16:17 | Queue | Villager (Male) |
| 16:26 | Build | House |
| 16:27 | Build | House |
| 16:42 | Research | Crossbowman (upgrade) |
| 16:56 | Build | Monastery |
| 17:01 | Build | Farm |
| 17:03 | Queue | Villager (Male) |
| 17:32 | Queue | Monk |
| 17:43 | Queue | Battle Elephant |
| 17:52 | Queue | Villager (Male) |
| 17:54 | Build | Farm |
| 17:57 | Build | Farm |
| 17:59 | Build | Farm |
| 18:01 | Build | Farm |
| 18:05 | Build | Farm |
| 19:00 | Queue | Scorpion |
| 19:01 | Queue | Scorpion |
| 19:03 | Queue | Villager (Male) |
| 19:04 | Queue | Villager (Male) |
| 19:04 | Queue | Villager (Male) |
| 19:11 | Build | Town Center |
| 19:22 | Queue | Villager (Male) |
| 20:21 | Build | Siege Workshop |
| 20:39 | Build | House |
| 20:40 | Build | House |
| 20:48 | Queue | Villager (Male) |
| 20:48 | Queue | Villager (Male) |
| 20:49 | Queue | Villager (Male) |
| 20:49 | Queue | Villager (Male) |
| 20:49 | Queue | Villager (Male) |
| 20:53 | Build | Stone Wall |
| 21:01 | Build | Stone Wall |
| 21:05 | Queue | Mangonel |
| 21:05 | Queue | Mangonel |
| 21:09 | Queue | Mangonel |
| 21:17 | Build | Stone Wall |
| 22:57 | Queue | Villager (Male) |
| 22:57 | Queue | Villager (Male) |
| 22:57 | Queue | Villager (Male) |
| 22:58 | Queue | Villager (Male) |
| 22:58 | Queue | Villager (Male) |
| 22:58 | Queue | Villager (Male) |
| 23:01 | Build | Farm |
| 23:03 | Build | Farm |
| 23:05 | Build | Farm |
| 23:07 | Build | Farm |
| 23:29 | Build | Gate |
| 23:36 | Build | House |
| 23:37 | Build | House |
| 23:39 | Build | House |
| 23:44 | Queue | Scorpion |
| 23:45 | Queue | Scorpion |
| 23:45 | Queue | Scorpion |
| 23:45 | Queue | Scorpion |
| 24:00 | Build | Farm |
| 24:03 | Build | Farm |
| 24:07 | Build | Farm |
| 24:08 | Queue | Villager (Male) |
| 24:09 | Queue | Villager (Male) |
| 24:10 | Queue | Villager (Male) |
| 24:10 | Queue | Villager (Male) |
| 24:32 | Queue | Monk |
| 24:53 | Queue | Villager (Male) |
| 24:54 | Queue | Villager (Male) |
| 24:55 | Queue | Villager (Male) |
| 24:55 | Queue | Villager (Male) |
Build order — weinerthenry
First 150 of 254 actions detected
| 0:01 | Queue | Villager (Male) ×4 |
| 0:03 | Build | House |
| 0:05 | Build | House |
| 0:11 | Research | Loom |
| 1:38 | Queue | Villager (Male) |
| 2:28 | Queue | Villager (Male) |
| 2:28 | Queue | Villager (Male) |
| 2:36 | Build | Lumber Camp |
| 2:41 | Build | House |
| 2:42 | Build | House |
| 2:44 | Build | House |
| 2:45 | Build | House |
| 3:09 | Queue | Villager (Male) |
| 3:30 | Queue | Villager (Male) |
| 3:56 | Queue | Villager (Male) |
| 4:08 | Queue | Villager (Male) |
| 4:55 | Queue | Villager (Male) |
| 5:02 | Queue | Villager (Male) |
| 5:44 | Queue | Villager (Male) |
| 6:06 | Queue | Villager (Male) |
| 6:28 | Queue | Villager (Male) |
| 6:28 | Queue | Villager (Male) |
| 6:29 | Queue | Villager (Male) |
| 6:29 | Queue | Villager (Male) |
| 6:46 | Build | Mining Camp |
| 7:06 | Build | Mill |
| 7:15 | Build | Lumber Camp |
| 7:38 | Queue | Villager (Male) |
| 8:27 | Build | Mill |
| 8:34 | Queue | Villager (Male) |
| 8:34 | Queue | Villager (Male) |
| 8:35 | Queue | Villager (Male) |
| 8:36 | Queue | Villager (Male) |
| 9:16 | Build | Mining Camp |
| 9:53 | Research | Feudal Age |
| 10:28 | Build | Farm |
| 10:33 | Build | Farm |
| 10:41 | Build | Farm |
| 11:48 | Build | Market |
| 11:58 | Build | Blacksmith |
| 12:06 | Build | Farm |
| 13:14 | Build | Farm |
| 13:15 | Build | Farm |
| 13:17 | Research | Castle Age |
| 13:57 | Build | House |
| 13:58 | Build | House |
| 14:55 | Queue | Villager (Male) |
| 14:55 | Queue | Villager (Male) |
| 15:00 | Research | Double-Bit Axe |
| 15:05 | Research | Horse Collar |
| 15:07 | Build | Castle |
| 15:20 | Build | Siege Workshop |
| 15:30 | Queue | Villager (Male) |
| 16:06 | Queue | Battering Ram |
| 16:14 | Queue | Villager (Male) |
| 16:16 | Queue | Villager (Male) |
| 16:29 | Queue | Karambit Warrior ×3 |
| 16:35 | Queue | Karambit Warrior ×2 |
| 16:38 | Queue | Battering Ram |
| 16:54 | Queue | Karambit Warrior |
| 16:54 | Queue | Karambit Warrior |
| 16:59 | Queue | Karambit Warrior |
| 17:02 | Queue | Karambit Warrior |
| 17:38 | Queue | Karambit Warrior |
| 17:39 | Queue | Karambit Warrior |
| 17:39 | Queue | Karambit Warrior |
| 17:40 | Queue | Karambit Warrior |
| 17:54 | Queue | Karambit Warrior |
| 17:55 | Queue | Karambit Warrior |
| 18:02 | Queue | Karambit Warrior |
| 18:07 | Build | Town Center |
| 18:57 | Queue | Villager (Male) ×3 |
| 19:02 | Build | Farm |
| 19:03 | Build | Farm |
| 19:08 | Build | Farm |
| 19:23 | Research | Wheelbarrow |
| 20:03 | Build | Farm |
| 20:07 | Queue | Villager (Male) ×2 |
| 20:36 | Build | Farm |
| 20:39 | Build | Farm |
| 20:52 | Queue | Villager (Male) |
| 20:52 | Queue | Villager (Male) |
| 21:41 | Queue | Villager (Male) ×4 |
| 22:37 | Build | Town Center |
| 22:48 | Queue | Villager (Male) ×5 |
| 23:03 | Build | Farm |
| 23:06 | Build | Farm |
| 23:10 | Build | Farm |
| 23:14 | Build | Farm |
| 23:19 | Build | Farm |
| 23:22 | Queue | Villager (Male) |
| 23:24 | Queue | Villager (Male) |
| 23:28 | Queue | Villager (Male) |
| 23:45 | Build | Farm |
| 23:59 | Queue | Villager (Male) |
| 24:00 | Queue | Villager (Male) |
| 24:00 | Queue | Villager (Male) |
| 24:11 | Queue | Mangonel |
| 24:38 | Build | Barracks |
| 24:39 | Build | Barracks |
| 24:48 | Queue | Villager (Male) ×4 |
| 24:56 | Queue | Mangonel |
| 25:02 | Research | Forging |
| 25:15 | Build | House |
| 25:17 | Build | House |
| 25:18 | Build | House |
| 25:19 | Build | House |
| 25:20 | Build | Farm |
| 25:22 | Queue | Spearman |
| 25:24 | Queue | Spearman |
| 25:38 | Queue | Spearman |
| 25:39 | Queue | Spearman |
| 25:40 | Queue | Spearman |
| 25:42 | Queue | Spearman |
| 25:52 | Queue | Mangonel |
| 25:58 | Queue | Spearman |
| 26:01 | Queue | Spearman |
| 26:07 | Build | Farm |
| 26:11 | Build | Farm |
| 26:14 | Build | Farm |
| 26:17 | Queue | Villager (Male) |
| 26:25 | Queue | Spearman ×3 |
| 27:05 | Build | Mining Camp |
| 27:07 | Queue | Villager (Male) ×3 |
| 27:13 | Build | Town Center |
| 27:15 | Build | Farm |
| 27:16 | Build | Farm |
| 27:20 | Queue | Villager (Male) ×3 |
| 27:26 | Build | House |
| 27:30 | Build | House |
| 27:32 | Build | House |
| 27:33 | Build | House |
| 27:44 | Queue | Villager (Male) ×3 |
| 27:54 | Build | Farm |
| 27:56 | Build | Farm |
| 27:57 | Build | Farm |
| 27:58 | Build | Farm |
| 28:03 | Build | Farm |
| 28:05 | Build | Farm |
| 28:06 | Build | Farm |
| 28:53 | Build | Farm |
| 28:56 | Build | Mining Camp |
| 28:58 | Queue | Villager (Male) ×5 |
| 28:58 | Queue | Villager (Male) ×5 |
| 29:12 | Queue | Villager (Male) ×2 |
| 29:23 | Build | Farm |
| 29:24 | Build | Farm |
| 29:25 | Build | Farm |
| 29:26 | Build | Farm |
| 29:30 | Queue | Villager (Male) ×3 |
Match timeline
| 5:06 | ManyKitten76428 · wall_segment Palisade Wall x1 |
| 5:07 | ManyKitten76428 · wall_segment Palisade Wall x1 |
| 5:08 | ManyKitten76428 · wall_segment Palisade Wall x1 |
| 5:09 | ManyKitten76428 · wall_segment Palisade Wall x1 |
| 5:42 | ManyKitten76428 · wall_segment Palisade Wall x1 |
| 5:42 | ManyKitten76428 · wall_segment Palisade Wall x1 |
| 5:43 | ManyKitten76428 · wall_segment Palisade Wall x1 |
| 5:44 | ManyKitten76428 · wall_segment Palisade Wall x1 |
| 5:45 | ManyKitten76428 · wall_segment Palisade Wall x1 |
| 12:25 | ManyKitten76428 · first_building Archery Range |
| 12:42 | ManyKitten76428 · first_building Stable |
| 14:51 | ManyKitten76428 · first_building Siege Workshop |
| 15:07 | weinerthenry · first_building Castle |
| 15:20 | weinerthenry · first_building Siege Workshop |
| 16:56 | ManyKitten76428 · first_building Monastery |
| 20:53 | ManyKitten76428 · wall_segment Stone Wall x3 |
| 21:01 | ManyKitten76428 · wall_segment Stone Wall x4 |
| 21:17 | ManyKitten76428 · wall_segment Stone Wall x1 |
| 24:31 | weinerthenry · first_market_buy 100 wood |
| 24:38 | weinerthenry · first_building Barracks |
| 28:55 | ManyKitten76428 · first_building Castle |
| 35:15 | ManyKitten76428 · first_market_buy 100 food |
| 37:08 | weinerthenry · first_market_sell 100 wood |
| 39:50 | ManyKitten76428 · resign |
[ AI ANALYSIS · 1 CREDIT ]
What really happened in this match?
Wolo.gg analyzes every decision: build order, eco, micro, common mistakes by bracket. Personalized analysis on WhatsApp or Discord in 30 seconds.
Civ guide
Khmer
Perfil
Jugador #15948060